 Dungeon Crawl Stone Soup version 0.20.1-1-g8b1a95d (webtiles) character file.

4113 letownia2 the Thaumaturge (level 10, 69/81 HPs)
             Began as a Deep Dwarf Necromancer on Nov 28, 2017.
             Was an Initiate of Gozag.
             Quit the game on level 8 of the Dungeon.
             The game lasted 00:26:08 (8767 turns).

letownia2 the Thaumaturge (Deep Dwarf Necromancer)  Turns: 8767, Time: 00:26:08

Health: 69/81      AC:  3    Str: 14      XL:     10   Next: 6%
Magic:  22/22      EV: 12    Int: 20      God:    Gozag
Gold:   183        SH:  0    Dex: 12 (13) Spells: 12/26 levels left

rFire    . . .     SeeInvis .   G - +4 quarterstaff (chaos)
rCold    . . .     Gourm    .   (shield currently unavailable)
rNeg     + . .     Faith    .   z - -2 leather armour
rPois    .         Spirit   .   k - +1 helmet
rElec    .         Reflect  .   H - +0 cloak
rCorr    .         Harm     .   D - +1 pair of gloves
MR       .....                  M - -4 pair of boots of the Wumpus {+Blink rN+ MR-}
Stlth    +++.......             B - amulet of rage
Regen    0.0/turn               F - +3 ring of intelligence
MPRegen  0.2/turn               m - ring of stealth

@: non-regenerating
A: damage resistance, heal wounds, sense surroundings 2, no regeneration
a: Heal Wounds, Potion Petition, Call Merchant, Bribe Branch, Renounce Religion,
Evoke Blink, Evoke Berserk Rage


You were on level 8 of the Dungeon.
You worshipped Gozag.
Gozag was aware of your devotion.
You were not hungry.

You visited 2 branches of the dungeon, and saw 9 of its levels.

You collected 1266 gold pieces.
You spent 275 gold pieces at shops.
You paid 808 gold pieces to Gozag.

Inventory:

Hand Weapons
 a - a +2 dagger of venom
 b - a +1 whip of electrocution
 g - a +0 quarterstaff
 x - a +4 hand axe
 G - a +4 quarterstaff of chaos (weapon)
Armour
 k - a +1 helmet (worn)
 v - a +0 ring mail
 z - a -2 leather armour (worn)
 D - a +1 pair of gloves (worn)
 H - a +0 cloak (worn)
 I - a +0 pair of boots
 M - the -4 pair of boots of the Wumpus (worn) {+Blink rN+ MR-}
   (You bought it in a shop on level 8 of the Dungeon)

   It protects you from negative energy.
   It affects your resistance to hostile enchantments.
   It lets you blink.
Jewellery
 m - a ring of stealth (right hand)
 s - an uncursed ring of fire
 B - an amulet of rage (around neck)
 F - a +3 ring of intelligence (left hand)
Wands
 l - a wand of iceblast (9/15)
Scrolls
 d - 3 scrolls of blinking
 f - 2 scrolls of teleportation
 n - 2 scrolls of amnesia
 p - 8 scrolls of identify
 r - a scroll of immolation
 t - 3 scrolls of fog
 y - a scroll of magic mapping
Potions
 e - a potion of haste {unknown}
 i - 5 potions of curing
 j - a potion of cancellation {unknown}
 q - 6 potions of brilliance {unknown}
 A - 2 potions of lignification {unknown}
 C - a potion of ambrosia {unknown}
 E - a potion of invisibility {unknown}
 J - a potion of berserk rage {unknown}
 L - 2 potions of agility
Books
 u - a book of Misfortune

   Spells                             Type                      Level
   a - Confusing Touch                Hexes                        1
   b - Confuse                        Hexes                        3
   c - Gell's Gravitas                Translocation                3
   d - Petrify                        Transmutation/Earth          4
   e - Metabolic Englaciation         Hexes/Ice                    5
   f - Yara's Violent Unravelling     Hexes/Transmutation          5
 w - a book of Conjurations

   Spells                             Type                      Level
   a - Magic Dart                     Conjuration                  1
   b - Searing Ray                    Conjuration                  2
   c - Dazzling Spray                 Conjuration/Hexes            3
   d - Fulminant Prism                Conjuration/Hexes            4
   e - Force Lance                    Conjuration/Translocation    4
   f - Iskenderun's Mystic Blast      Conjuration                  4
Comestibles
 c - 3 bread rations
 K - a meat ration


   Skills:
 - Level 2.7 Fighting
 - Level 4.7 Axes
 - Level 2.1 Dodging
 - Level 2.4 Stealth
 - Level 8.9 Spellcasting
 + Level 1.1 Conjurations
 - Level 8.0 Necromancy
 + Level 1.6 Translocations
 + Level 1.5 Fire Magic
 + Level 1.2 Air Magic
 + Level 1.4 Poison Magic
 - Level 5.1 Evocations


You had 12 spell levels left.
You knew the following spells:

 Your Spells              Type           Power        Failure   Level  Hunger
a - Pain                  Necr           ####         1%          1    None
b - Blink                 Tloc           N/A          8%          2    None
c - Conjure Flame         Conj/Fire      ##......     17%         3    None
e - Mephitic Cloud        Conj/Pois/Air  ##......     17%         3    None
p - Poisonous Vapours     Pois/Air       ##....       9%          2    None
v - Vampiric Draining     Necr           #####.....   1%          3    None


Dungeon Overview and Level Annotations

Branches:
Dungeon (8/15)             Temple (1/1) D:5
   Lair: D:8-11

Altars:
Ashenzari
Cheibriados
Elyvilon
Gozag
Hepliaklqana
Kikubaaqudgha
Makhleb
Nemelex Xobeh
Qazlal
Ru
Sif Muna
Trog
Uskayaw
Xom
Yredelemnul
Zin
The Shining One

Shops:
D:5 [   D:6 :   D:7 *   D:8 [

Annotations:
D:4 letownia2's ghost, weakling DDNe
D:5 Prince Ribbit
D:8 Lanoc's ghost, novice DgFi


Innate Abilities, Weirdness & Mutations

You are resistant to damage.
You can heal yourself by infusing magical energy.
You passively map the area around you.
You do not regenerate.


Message History

You start removing your armour.
You continue taking off your +0 ring mail. x4
You finish taking off your +0 ring mail.
You start putting on your armour.
You continue putting on your glowing leather armour. x5
You finish putting on your cursed -2 leather armour.
Oops, that feels deathly cold.
Unknown command.
As you read the scroll of remove curse, it crumbles to dust.
You feel as if something is helping you.
Put on which piece of jewellery? (? for menu, Esc to quit)
Okay, then.
As you read the scroll labeled QENKI DOUN, it crumbles to dust.
It is a scroll of enchant armour.
Your +0 pair of gloves glows green for a moment.
Put on which piece of jewellery? (? for menu, Esc to quit)
Okay, then.
Wear which item? (? for menu, Esc to quit)
Okay, then.
Are you sure you want to abandon this character and quit the game? (Confirm with "yes".)

#.##.#.####.#######
#.#.#...#*#.#
#..###.#.##.# ##.##
##..##.#
#.#######....#
#..##....#.### #
#.8.8(8.#*.# #
#..⌠.⌠.###.# #
##8.@.8....#
#.⌠.⌠.##### #8.8.8#
#####.##############
#.........W.....
#.#############. #.#
#. #.# #. #.# #.


There were no monsters in sight!

Vanquished Creatures
  A two-headed ogre (D:7)
  Pikel (D:3)
  A hornet (D:7)
  2 hungry ghosts (D:7)
  2 orc warriors
  A hornet zombie (D:7)
  A slave (D:3)
  A centaur (D:8)
  4 ogres
  4 bullfrogs
  A gnoll sergeant (D:5)
  A water moccasin skeleton (D:6)
  4 scorpions
  3 killer bees (D:3)
  A howler monkey (D:5)
  A crimson imp (D:5)
  2 quasits (D:8)
  2 hounds (D:6)
  2 bullfrog skeletons
  5 orc priests
  7 orc wizards
  Crazy Yiuf (D:2)
  Jessica (D:2)
  3 iguanas
  4 worker ants
  A hound skeleton (D:6)
  A howler monkey zombie (D:5)
  A worker ant zombie (D:5)
  8 adders
  8 gnolls
  2 shadow imps
  3 oozes
  4 worms
  4 dart slugs
  8 leopard geckos
  35 orcs
  A ball python (D:7)
  5 bats
  4 giant cockroaches
  8 goblins
  7 hobgoblins
  3 kobolds (D:3)
  5 quokkas
  A ball python skeleton (D:5)
  5 frilled lizards
  A leopard gecko skeleton (D:6)
  A leopard gecko zombie (D:6)
  A quokka skeleton (D:6)
  2 rats
175 creatures vanquished.

Vanquished Creatures (others)
  2 slaves (D:4)
  An orc priest (D:4)
  2 orcs (D:4)
5 creatures vanquished.

Grand Total: 180 creatures vanquished

Notes
Turn   | Place    | Note
-------+----------+-------------------------------------------
     0 | D:1      | letownia2 the Deep Dwarf Necromancer began the quest for the Orb.
     0 | D:1      | Reached XP level 1. HP: 15/15 MP: 3/3
   198 | D:2      | Noticed Jessica
   240 | D:3      | Found a white marble altar of Elyvilon.
   365 | D:3      | Reached XP level 2. HP: 19/22 MP: 0/5
   429 | D:2      | Killed Jessica
   429 | D:2      | Reached skill level 5 in Necromancy
   429 | D:2      | Reached XP level 3. HP: 24/28 MP: 0/6
   496 | D:3      | Learned a level 3 spell: Vampiric Draining
   549 | D:3      | Noticed a killer bee
   556 | D:3      | Noticed a killer bee
   556 | D:3      | Reached XP level 4. HP: 29/36 MP: 2/7
   580 | D:2      | Found a faded altar of an unknown god.
   594 | D:2      | Found a runed door.
  1042 | D:4      | Noticed a phantom
  1143 | D:4      | Noticed letownia2's ghost (weakling DDNe)
  1233 | D:4      | Found a shimmering altar of Xom.
  1243 | D:3      | Reached XP level 5. HP: 9/42 MP: 2/8
  1364 | D:4      | Reached skill level 1 in Fighting
  1544 | D:4      | Found a stormy altar of Qazlal.
  1545 | D:4      | Found a deep blue altar of Sif Muna.
  1545 | D:4      | Found a bloodstained altar of Trog.
  1545 | D:4      | Found a glowing silver altar of Zin.
  1726 | D:5      | Entered Level 5 of the Dungeon
  1770 | D:5      | Noticed Prince Ribbit
  2240 | D:4      | Noticed a slave
  2241 | D:4      | Noticed Pikel
  2242 | D:4      | Noticed a slave
  2457 | D:5      | Reached XP level 6. HP: 47/52 MP: 4/10
  2729 | D:5      | Found a staircase to the Ecumenical Temple.
  2738 | Temple   | Entered the Ecumenical Temple
  2802 | D:5      | Noticed an orc warrior
  2865 | D:5      | Reached XP level 7. HP: 49/61 MP: 1/12
  3033 | D:5      | Found Ziqic's Armour Boutique.
  3104 | Temple   | Became a worshipper of Gozag Ym Sagoz the Greedy
  4443 | D:2      | Noticed Crazy Yiuf
  4447 | D:2      | Killed Crazy Yiuf
  5521 | D:3      | Killed Pikel
  5521 | D:3      | Reached XP level 8. HP: 20/68 MP: 1/17
  6163 | D:6      | Reached skill level 1 in Evocations
  6318 | D:6      | Found Adajimp's Book Shoppe.
  6518 | D:6      | Found a shattered altar of Ashenzari.
  6811 | D:7      | Noticed a two-headed ogre
  6848 | D:7      | Killed a two-headed ogre
  6848 | D:7      | Gained mutation: You passively map the area around you. [Deep Dwarf growth]
  6848 | D:7      | Reached XP level 9. HP: 46/74 MP: 8/21
  7159 | D:7      | Found a basalt altar of Yredelemnul.
  7309 | D:7      | Paralysed by a hornet for 2 turns
  7317 | D:7      | Paralysed by a hornet for 1 turns
  7370 | D:7      | Reached skill level 5 in Evocations
  7467 | D:7      | Learned a level 2 spell: Blink
  7471 | D:7      | Learned a level 3 spell: Conjure Flame
  7474 | D:7      | Learned a level 2 spell: Poisonous Vapours
  7478 | D:7      | Learned a level 3 spell: Mephitic Cloud
  7527 | D:7      | Found a glowing golden altar of the Shining One.
  7971 | D:5      | Found a sacrificial altar of Ru.
  8014 | D:5      | Reached skill level 1 in Poison Magic
  8107 | D:5      | Reached skill level 1 in Translocations
  8155 | D:5      | Reached skill level 1 in Fire Magic
  8338 | D:8      | Reached skill level 1 in Conjurations
  8350 | D:8      | Reached skill level 1 in Air Magic
  8350 | D:8      | Reached XP level 10. HP: 78/81 MP: 5/22
  8400 | D:8      | Found Gablarph's Antique Armour Shop.
  8405 | D:8      | Noticed Lanoc's ghost (novice DgFi)
  8744 | D:8      | Bought a pair of distressingly furry boots for 275 gold pieces
  8754 | D:8      | Identified the cursed -4 pair of boots of the Wumpus {+Blink rN+ MR-} (You bought it in a shop on level 8 of the Dungeon)
  8767 | D:8      | Quit the game

Skill      XL: |  1  2  3  4  5  6  7  8  9 |
---------------+----------------------------+-----
Spellcasting   | 2 3 6 8 |  8.9
Necromancy     | 5 6 7 8 |  8.0
Fighting       | 2 |  2.7
Evocations     | 2 5 |  5.1
Axes           | 3 4 |  4.7
Poison Magic   | 1 |  1.4
Translocations | 1 |  1.6
Fire Magic     | 1 |  1.5
Conjurations   | 1 |  1.1
Air Magic      | 1 |  1.2
Dodging        | |  2.1
Stealth        | |  2.4

Action                   |  1- 3 |  4- 6 |  7- 9 | 10-12 || total
-------------------------+-------+-------+-------+-------++-------
Melee: Quarterstaff      |     9 |     8 |       |       ||    17
       Dagger            |       |    35 |   114 |       ||   149
       Whip              |       |       |    24 |       ||    24
       Hand axe          |       |       |   115 |     8 ||   123
 Cast: Pain              |    22 |    25 |    98 |       ||   145
       Vampiric Draining |       |    31 |    99 |     6 ||   136
       Conjure Flame     |       |       |     1 |     1 ||     2
       Mephitic Cloud    |       |       |     1 |       ||     1
Invok: Call Merchant     |       |       |       |     1 ||     1
Evoke: Wand              |       |       |    12 |       ||    12
  Use: Scroll            |       |       |    11 |     2 ||    13
 Stab: Sleeping          |       |       |     1 |       ||     1
       Paralysed         |       |       |     6 |       ||     6
       Confused          |       |       |     1 |       ||     1
  Eat: Chunk             |       |    10 |     5 |       ||    15
       Fruit             |       |       |     2 |       ||     2
       Bread ration      |       |       |     1 |       ||     1
       Royal jelly       |       |       |     2 |       ||     2
       Meat ration       |       |       |     2 |       ||     2
Armor: Robe              |     2 |       |       |       ||     2
       Leather armour    |       |    10 |       |       ||    10
       Ring mail         |       |    15 |   151 |    23 ||   189
Dodge: Dodged            |     5 |    53 |   255 |    20 ||   333
